 Dungeon Crawl Stone Soup version 0.31-a0-859-g9dce7d3444 (webtiles) character file.

Game seed: 7598750543209159765

6 Naiya55 the Digger (level 1, 10/10 HPs)
             Began as a Gargoyle Earth Elementalist on Oct 9, 2023.
             Quit the game on level 1 of the Dungeon.
             The game lasted 00:02:08 (108 turns).

Naiya55 the Digger (Gargoyle Earth Elementalist)     Turns: 108, Time: 00:02:08

Health: 10/10      AC:  4    Str: 11    XL:     1   Next: 90%
Magic:  1/3        EV: 12    Int: 15    God:
Gold:   28         SH:  0    Dex: 10    Spells: 3/4 levels left

rFire   . . .        d - +0 dagger
rCold   . . .        (no shield)
rNeg    + . .        a - +0 robe
rPois   ∞            (no helmet)
rElec   +            (no cloak)
rCorr   +            (no gloves)
SInv    .            (no boots)
Will    .....        (no amulet)
Stlth   ++           c - ring of resist corrosion
HPRegen 0.21/turn    (no ring)
MPRegen 0.08/turn

%: no passive effects
@: no status effects
A: sickness immunity, AC +2, negative energy resistance 1, electricity
resistance, torment resistance 1, petrification resistance
a: no special abilities


You were on level 1 of the Dungeon.
You visited 1 branch of the dungeon, and saw 1 of its levels.

You collected 28 gold pieces.

Inventory:

Hand Weapons
 d - a +0 dagger (weapon)
Armour
 a - a +0 robe (worn)
Jewellery
 c - a ring of resist corrosion (left hand)
Scrolls
 e - a scroll of vulnerability {unknown}
Potions
 b - a potion of magic


   Skills:
 + Level 1.6 Dodging
 + Level 2.3 Stealth
 + Level 2.1 Spellcasting
 + Level 0.9 Transmutations
 + Level 3.7 Earth Magic


You had 3 spell levels left.
You knew the following spells:

 Your Spells              Type           Power      Damage    Failure   Level
a - Sandblast             Erth           24%        2d8       4%          1

Your spell library contained the following spells:

 Spells                   Type           Power      Damage    Failure   Level
 Passwall                 Tmut/Erth      6%         N/A       13%         2
 Stone Arrow              Conj/Erth      14%        3d7       30%         3
 Petrify                  Tmut/Erth      8%         N/A       63%         4
 Brom's Barrelling Bould  Conj/Erth      7%         2d3       71%         4


Dungeon Overview and Level Annotations

Branches:
Dungeon (1/15)

Altars:


Innate Abilities, Weirdness & Mutations

You are immune to sickness and miasma.
Your stone body is resilient. (AC +2)
You are immune to poison.
You resist negative energy. (rN+)
You are resistant to electric shocks. (rElec)
You are resistant to unholy torment.
You are immune to petrification.


Message History

The frilled lizard hisses angrily.
A quokka comes into view.
A goblin comes into view. It is wielding a +0 dagger.
You see here 15 gold pieces.
You now have 28 gold pieces (gained 15).
Casting: Sandblast (safe; 4% risk of failure)
Confirm with . or Enter, or press ? or * to list all spells.
Aiming: Sandblast (safe; 4% risk of failure)
Press: ? - help, Shift-Dir - straight line, f - frilled lizard
Aim: a frilled lizard (70% to hit)
The blast of sand hits the frilled lizard!
You kill the frilled lizard!
The goblin shouts!
Casting: Sandblast (safe; 4% risk of failure)
Confirm with . or Enter, or press ? or * to list all spells.
Aiming: Sandblast (safe; 4% risk of failure)
Press: ? - help, Shift-Dir - straight line, f - quokka
Aim: a quokka (75% to hit)
The blast of sand hits the quokka.
The quokka is almost dead.
The quokka barely misses you.
You barely miss the quokka.
The quokka is almost dead.
The quokka bites you but does no damage.
You hit the quokka.
You kill the quokka!
Casting: Sandblast (safe; 4% risk of failure)
Confirm with . or Enter, or press ? or * to list all spells.
Aiming: Sandblast (safe; 4% risk of failure)
Press: ? - help, Shift-Dir - straight line, f - goblin
Aim: a goblin, wielding a +0 dagger (77% to hit)
The blast of sand hits the goblin!
You kill the goblin!
You see here a +0 dagger.
d - a +0 dagger
d - a +0 dagger (weapon)
You see here a dart slug corpse.
e - a scroll labelled BOUWOC TYFRE Unknown command.
Are you sure you want to abandon this character and quit the game? (Confirm with "yes".)

#..#### ##. #.....### #..
#.......## #. #........#+
### #.........# ##..
#.........## ##...
##..........######...#
######.............##....##
#.........@......#....#..##
#.†.............###+###...#
#......^........# ##...
..................## ##..
..................## ##.
#....#######.....### ###
#.... #..#### #.. ###..
#### #.. #. ###


There were no monsters in sight!

Vanquished Creatures
  A dart slug (D:1)
  A goblin (D:1)
  A quokka (D:1)
  A frilled lizard (D:1)
4 creatures vanquished.

Notes
Turn   | Place    | Note
-------+----------+-------------------------------------------
     0 | D:1      | Naiya55 the Gargoyle Earth Elementalist began the quest for
                  | the Orb.
     0 | D:1      | Reached XP level 1. HP: 10/10 MP: 3/3
   108 | D:1      | Quit the game

Illustrated notes

Levels and vault maps discovered:
D:1:      dpeg_cavernosity, layout_rooms

Action                     || total
---------------------------++-------
  Melee: Unarmed           ||     2
   Cast: Sandblast         ||     4
 Armour: Robe              ||     2
  Dodge: Dodged            ||     2

Table legend: (Time is in decaauts)
 A = Elapsed time spent in this place.
 B = Non-inter-level travel time spent in this place.
 C = Inter-level travel time spent in this place.
 D = Time resting spent in this place.
 E = Time spent auto-exploring this place.
 F = Levels seen in this place.
 G = Mean time per level.
                   A        B        C        D        E       F      G
               +--------+--------+--------+--------+--------+-----+--------+
         Total |    109 |    109 |      0 |      0 |     67 |   1 |  109.0 |
       Dungeon |    109 |    109 |      0 |      0 |     67 |   1 |  109.0 |
               +--------+--------+--------+--------+--------+-----+--------+

Top non-repeatable levels by time:
     D:1: 109 daAuts
